 Dungeon Crawl Stone Soup version 0.30-a0-354-g6b83867211 (webtiles) character file.

Game seed: 17471210136299592059

8809 themarg the Fighter (level 11, -3/112 HPs)
             Began as an Armataur Fighter on Nov 7, 2022.
             Was an Elder of Okawaru.
             Slain by a killer bee (4 damage)
             ... on level 10 of the Dungeon.
             The game lasted 00:33:46 (11324 turns).

themarg the Fighter (Armataur Fighter)             Turns: 11324, Time: 00:33:47

Health: -3/112     AC:  8    Str: 31    XL:     11   Next: 14%
Magic:  16/16      EV:  6    Int: 10    God:    Okawaru [****..]
Gold:   597        SH:  4    Dex:  9    Spells: 10/10 levels left

rFire   . . .      SeeInvis .    a - +0 flail
rCold   . . .      Faith    .    c - +0 buckler
rNeg    . . .      Spirit   .    m - +0 chain mail
rPois   .          Reflect  .    (no helmet)
rElec   .          Harm     .    (no cloak)
rCorr   .          Roll     +    (no gloves)
Will    .....                    (no barding)
Stlth   ..........               (no amulet)
HPRegen 0.38/turn                l - +4 ring of slaying
MPRegen 0.15/turn                O - +6 ring of strength

@: lethally poisoned (-3 -> -10)
A: large, rugged brown scales 3, deformed body, armoured tail, roll, long
tongue, awkward tongue
a: Renounce Religion, Heroism, Finesse


You were on level 10 of the Dungeon.
You worshipped Okawaru.
Okawaru was greatly pleased with you.
You visited 2 branches of the dungeon, and saw 11 of its levels.
You also visited: Sewer and Bailey.

You collected 597 gold pieces.

Inventory:

Hand Weapons
 a - a +0 flail (weapon)
Missiles
 g - 23 boomerangs (quivered)
 h - 88 stones
 r - 12 poisoned darts
 E - a curare-tipped dart
Armour
 c - a +0 buckler (worn)
 m - a +0 chain mail (worn)
 q - a +2 hat
 y - the +1 leather armour "Ken Iph" {*Corrode +Inv rPois}
   (You found it on level 7 of the Dungeon)

   rPois:     It protects you from poison.
   +Inv:      It lets you turn invisible.
   *Corrode:  It may corrode you when you take damage.
 N - a +0 tower shield
 P - a +0 plate armour
 Q - a scarf of repulsion
Jewellery
 l - a +4 ring of slaying (left hand)
 n - a +4 ring of evasion
 w - a ring of resist corrosion
 C - a +6 ring of strength
 D - a +6 ring of intelligence
 F - a ring of willpower
 G - a ring of wizardry
 O - a +6 ring of strength (right hand)
 R - a +4 ring of slaying
Wands
 A - a wand of digging (8)
 B - a wand of flame (54)
Scrolls
 j - 5 scrolls of fear {unknown}
 o - 3 scrolls of enchant armour
 s - a scroll of fog {unknown}
 x - a scroll of immolation
 z - 4 scrolls of teleportation {unknown}
 J - 5 scrolls of magic mapping {unknown}
 K - 3 scrolls of poison {unknown}
 M - a scroll of silence {unknown}
 S - a scroll of summoning {unknown}
 T - 2 scrolls of identify
Potions
 b - 2 potions of lignification
 d - 2 potions of might
 e - 4 potions of cancellation
 f - a potion of attraction
 k - 3 potions of degeneration
 p - 4 potions of haste
 t - 3 potions of flight
 u - 2 potions of mutation
 v - 2 potions of invisibility
 H - 4 potions of magic
 I - a potion of berserk rage {unknown}
 L - 2 potions of brilliance


   Skills:
 + Level 12.5 Fighting
 + Level 6.6 Maces & Flails
 - Level 5.0 Armour
 - Level 3.0 Stealth
 - Level 4.9 Shields
 - Level 7.0 Invocations


You had 10 spell levels left.
You didn't know any spells.
Your spell library contained the following spells:

 Spells                   Type           Power      Damage    Failure   Level
 Foxfire                  Conj/Fire      0%         2x1d4     91%         1
 Slow                     Hex            0%         N/A       91%         1
 Cigotuvi's Dreadful Rot  Necr/Pois/Air  0%         N/A       97%         2
 Ensorcelled Hibernation  Hex/Ice        0%         N/A       97%         2
 Confusing Touch          Hex            0%         N/A       99%         3
 Spider Form              Tmut/Pois      0%         N/A       99%         3
 Vampiric Draining        Necr           0%         2d6       99%         3
 Anguish                  Hex/Necr       0%         N/A       100%        4
 Dispel Undead            Necr           0%         3d6       100%        4
 Olgreb's Toxic Radiance  Pois           0%         N/A       100%        4
 Fireball                 Conj/Fire      0%         3d3       100%        5
 Starburst                Conj/Fire      0%         6d3       100%        6
 Ozocubu's Refrigeration  Ice            0%         4d7       100%        7
 Ignition                 Fire           0%         3d3       100%        8
 Death Channel            Necr           Unusable   N/A       N/A         6

Dungeon Overview and Level Annotations

Branches:
Dungeon (10/15)            Temple (1/1) D:5           Sewer (visited)
 Bailey (visited)
   Lair: D:8-11         Orc: D:9-12

Altars:
Ashenzari
Cheibriados
Dithmenos
Elyvilon
Fedhas
Gozag
Hepliaklqana
Kikubaaqudgha
Makhleb
Nemelex Xobeh
Okawaru
Qazlal
Ru
Sif Muna
Trog
Uskayaw
Vehumet
Wu Jian
Xom
Yredelemnul
Zin
The Shining One

Shops:
D:2 (   D:3 :

Annotations:
D:8 2 transporters, kd29's ghost, novice OpTm


Innate Abilities, Weirdness & Mutations

You are completely covered in rugged brown scales. (AC +3, +7% HP)
Armour fits poorly on your strangely shaped body.
You have a long armoured tail.
You roll when moving toward enemies. (Rampage)
Your long tongue fully drains potion bottles. (2x potion effects)
Your tongue gives you trouble enunciating. (1.5x scroll delay)


Message History

You feel sick. The killer bee stings you.
You closely miss the killer bee.
You feel sick. The killer bee stings you.
You are more poisoned.
The killer bee poisons you!
The killer bee stings you but does no damage.
The killer bee stings you.
* * * LOW HITPOINT WARNING * * *
You are more poisoned.
The killer bee poisons you!
You thump the killer bee!
The killer bee is heavily wounded.
You feel very sick. You block the killer bee's attack.
The killer bee stings you!
* * * LOW HITPOINT WARNING * * *
You are lethally poisoned!
The killer bee poisons you!
You miss the killer bee.
Your tail-slap misses the killer bee.
The killer bee is heavily wounded.
* * * LOW HITPOINT WARNING * * *
You feel very sick. You block the killer bee's attack.
The killer bee stings you.
* * * LOW HITPOINT WARNING * * *
You miss the killer bee.
Your tail-slap misses the killer bee.
The killer bee is heavily wounded.
* * * LOW HITPOINT WARNING * * *
You feel very sick. The killer bee barely misses you.
You block the killer bee's attack.
You thump the killer bee!
You kill the killer bee!
Okawaru accepts your kill.
* * * LOW HITPOINT WARNING * * *
You feel very sick. You block the killer bee's attack.
Okay, then.
You sock the killer bee!
You kill the killer bee!
Okawaru accepts your kill.
* * * LOW HITPOINT WARNING * * *
You feel sick. The killer bee stings you.
You die...

##..........#..'††..#.#......#...
##.#........#.#'.#..#.#......+...
.#..........#..'....#.#......#...
.#..........####.####.#......#...
.#...........#...'?!#.########...
##†............#.'#$#.<..........
##..####.........'$$#............
....# ..######y#######...._....
....# ..# #@# #.......... ....#
### ### #.......... ....#
#.._..8.._. ....# ##.........
....# ##........ ##### #..._....
###...... ##...## #####


You could see a killer bee.

Vanquished Creatures
  2 two-headed ogres
  A catoblepas (D:10)
  An orc knight (Bailey)
  An unseen horror (D:10)
  A hornet (D:5)
  A vampire (D:10)
  6 yaks (D:8)
  3 wyverns
  A water moccasin (D:5)
  An ice beast (D:6)
  A black bear (D:7)
  10 orc warriors
  2 ogres
  4 centaurs
  2 phantoms
  4 kobold brigands
  5 bullfrogs
  4 scorpions
  20 killer bees
  4 howler monkeys
  2 hounds (D:5)
  3 jellies
  An orc priest (D:10)
  7 orc wizards
  4 iguanas
  5 adders
  26 gnolls
  4 river rats (Sewer)
  A shadow imp (D:6)
  3 white imps
  6 ufetubi
  3 worms
  4 dart slugs
  48 orcs
  3 ball pythons
  5 bats
  7 endoplasms
  3 giant cockroaches
  13 goblins
  15 hobgoblins
  4 jackals (Sewer)
  10 kobolds
  3 quokkas
  2 frilled lizards (D:2)
  3 rats
259 creatures vanquished.

Vanquished Creatures (others)
  8 withered plants (D:9)
8 creatures vanquished.

Grand Total: 267 creatures vanquished

Notes
Turn   | Place    | Note
-------+----------+-------------------------------------------
     0 | D:1      | themarg the Armataur Fighter began the quest for the Orb.
     0 | D:1      | Reached XP level 1. HP: 19/19 MP: 1/1
   367 | D:1      | Reached XP level 2. HP: 26/26 MP: 2/2
   660 | D:1      | Reached skill level 3 in Fighting
   660 | D:1      | Reached skill level 1 in Stealth
  1223 | D:2      | Found Udotaph's Antique Weapon Shoppe.
  1249 | D:2      | Reached XP level 3. HP: 33/33 MP: 3/3
  1745 | D:3      | Found a glowing drain.
  1763 | Sewer    | Entered a sewer
  1769 | Sewer    | Reached XP level 4. HP: 28/40 MP: 4/4
  1932 | Sewer    | Noticed a kobold brigand
  1949 | Sewer    | Killed a kobold brigand
  1950 | Sewer    | Reached skill level 4 in Fighting
  1950 | Sewer    | Reached XP level 5. HP: 49/49 MP: 5/5
  2007 | Sewer    | Found a white marble altar of Elyvilon.
  2209 | D:3      | Found a burning altar of Makhleb.
  2263 | D:3      | Found Raonol's Book Shop.
  2461 | D:3      | Reached XP level 6. HP: 56/56 MP: 6/6
  3292 | D:4      | Reached skill level 5 in Fighting
  3678 | D:5      | Entered Level 5 of the Dungeon
  3689 | D:5      | Reached XP level 7. HP: 45/65 MP: 7/7
  3961 | D:5      | Noticed a hornet
  3970 | D:5      | Paralysed by a hornet for 2 turns
  3983 | D:5      | Killed a hornet
  3984 | D:5      | Reached skill level 6 in Fighting
  4268 | D:5      | Found a staircase to the Ecumenical Temple.
  4276 | Temple   | Entered the Ecumenical Temple
  4392 | Temple   | Became a worshipper of Warmaster Okawaru
  4512 | D:5      | Reached XP level 8. HP: 75/75 MP: 8/8
  4605 | D:5      | Reached skill level 7 in Fighting
  4605 | D:5      | Reached skill level 1 in Invocations
  4834 | D:5      | Noticed a two-headed ogre
  4846 | D:5      | Killed a two-headed ogre
  4846 | D:5      | Reached * piety under Okawaru
  4847 | D:5      | Reached skill level 8 in Fighting
  4847 | D:5      | Reached skill level 5 in Maces & Flails
  5065 | D:5      | Reached XP level 9. HP: 60/87 MP: 11/11
  5511 | D:6      | Reached skill level 9 in Fighting
  5541 | D:6      | Reached ** piety under Okawaru
  6355 | D:7      | Identified the +1 leather armour "Ken Iph" {*Corrode +Inv
                  | rPois}
  6777 | D:7      | Reached skill level 10 in Fighting
  6777 | D:7      | Reached skill level 5 in Invocations
  6965 | D:8      | Found a transporter.
  6971 | D:8      | Noticed kd29's ghost (novice OpTm)
  7002 | D:8      | Reached *** piety under Okawaru
  7003 | D:8      | Reached skill level 5 in Armour
  7169 | D:8      | Reached XP level 10. HP: 66/99 MP: 10/14
  7692 | D:8      | Found a transporter.
  8060 | D:9      | Noticed a two-headed ogre
  8139 | D:9      | Found an ancient bone altar of Kikubaaqudgha.
  8377 | D:9      | Killed a two-headed ogre
  8377 | D:9      | Reached **** piety under Okawaru
  8619 | D:10     | Entered Level 10 of the Dungeon
  8625 | D:10     | Reached skill level 11 in Fighting
  8978 | D:10     | Noticed a catoblepas
  8992 | D:10     | HP: 5/101 [orc wizard/magic dart (6)]
  8993 | D:10     | Killed a catoblepas
  9160 | D:10     | Found a flagged portal.
  9172 | Bailey   | Entered a bailey
  9431 | Bailey   | Noticed an orc knight
  9452 | Bailey   | Killed an orc knight
  9453 | Bailey   | Reached skill level 12 in Fighting
  9666 | Bailey   | Reached XP level 11. HP: 59/111 MP: 9/16
  9870 | Bailey   | Noticed an orc warlord
 10184 | D:10     | HP: 1/112 [orc warrior/+0 broad axe (15)]
 11207 | D:10     | Found a glowing golden altar of the Shining One.
 11210 | D:10     | Found a basalt altar of Yredelemnul.
 11210 | D:10     | Found a sparkling altar of Nemelex Xobeh.
 11213 | D:10     | Found a shadowy altar of Dithmenos.
 11323 | D:10     | HP: 3/112 [poisoned by a killer bee]
 11324 | D:10     | HP: 1/112 [poisoned by a killer bee]
 11324 | D:10     | Slain by a killer bee

Illustrated notes

Levels and vault maps discovered:
D:1:      evilmike_arrival_hilbert_curve, layout_basic
D:2:      layout_rooms, serial_shops, nicolae_shop_advertising_works
          [nicolae_subvault_shop_adworks], minmay_door_square
D:3:      layout_basic, mainiacjoe_overflow_cross_hatched, portal_sewer_entry_b,
          serial_shops, nicolae_shop_waterfront, hex_medium
D:4:      layout_cave_pools
D:5:      cheibrodos_barr_body, layout_cave_pools,
          minmay_temple_entry_glassed_door
D:6:      layout_basic
D:7:      layout_basic, minivault_23
D:8:      hellmonk_destroyed_diamonds, layout_cave_pools, gammafunk_ghost_arena,
          hex_large
D:9:      layout_rooms, kiku_gazebo_garden_becter, minmay_statues_item
D:10:     layout_irregular_city, grunt_temple_overflow_open,
          lightli_bailey_entry_fortress, minmay_misc_feat_enclosed, eino_jars
Temple:   kb_temple_of_zot

Skill      XL: |  1  2  3  4  5  6  7  8  9 10 |
---------------+-------------------------------+-----
Maces & Flails | 2 3 4 5 6 |  6.6
Fighting       | 3 4 5 6 8 10 12 | 12.5
Stealth        | 1 2 3 |  3.0
Shields        | 4 |  4.9
Invocations    | 3 5 7 |  7.0
Armour         | 5 |  5.0

Action                   |  1- 3 |  4- 6 |  7- 9 | 10-12 || total
-------------------------+-------+-------+-------+-------++-------
Melee: Flail             |    78 |   111 |   255 |   307 ||   751
       Tailslap          |     9 |    13 |    43 |    47 ||   112
Invok: Heroism           |       |       |     1 |     8 ||     9
       Finesse           |       |       |       |     5 ||     5
Evoke: Wand              |       |       |     2 |       ||     2
  Use: Scroll            |     2 |     5 |     4 |     2 ||    13
       Potion            |       |     1 |     4 |     4 ||     9
Armor: Scale mail        |    30 |       |       |       ||    30
       Chain mail        |    22 |    39 |    78 |   110 ||   249
Dodge: Dodged            |    22 |    42 |   131 |   109 ||   304
Block: Buckler           |    13 |    18 |    51 |    75 ||   157

Table legend: (Time is in decaauts)
 A = Elapsed time spent in this place.
 B = Non-inter-level travel time spent in this place.
 C = Inter-level travel time spent in this place.
 D = Time resting spent in this place.
 E = Time spent auto-exploring this place.
 F = Levels seen in this place.
 G = Mean time per level.
                   A        B        C        D        E       F      G
               +--------+--------+--------+--------+--------+-----+--------+
         Total |  11446 |  11134 |    312 |   3329 |   5709 |  13 |  880.5 |
       Dungeon |  10296 |  10033 |    263 |   2786 |   5479 |  10 | 1029.6 |
        Temple |    138 |     89 |     49 |      0 |     74 |   1 |  138.0 |
         Sewer |    317 |    317 |      0 |    101 |     94 |   1 |  317.0 |
        Bailey |    693 |    693 |      0 |    442 |     61 |   1 |  693.0 |
               +--------+--------+--------+--------+--------+-----+--------+

Top non-repeatable levels by time:
    D:10: 1745 daAuts
     D:5: 1520 daAuts
     D:1: 1194 daAuts
     D:8: 1029 daAuts
     D:9: 984 daAuts
     D:3: 977 daAuts
     D:6: 916 daAuts
     D:4: 750 daAuts
  Bailey: 693 daAuts
     D:7: 649 daAuts
     D:2: 527 daAuts
   Sewer: 317 daAuts
  Temple: 138 daAuts
